 Dungeon Crawl Stone Soup version 0.29.1-1-gd02db69 (webtiles) character file.

Game seed: 16394652520827560576

5662 Kel the Severer (level 10, -5/77 HPs)
             Began as a Minotaur Berserker on Nov 23, 2022.
             Was a High Priest of Trog.
             Slain by a molten gargoyle
             ... wielding a +0 morningstar
              (14 damage)
             ... on level 10 of the Dungeon.
             The game lasted 00:14:45 (10835 turns).

Kel the Severer (Minotaur Berserker)               Turns: 10835, Time: 00:14:46

Health: -5/77      AC: 11    Str: 31    XL:     10   Next: 47%
Magic:  9/9        EV:  9    Int:  4    God:    Trog [*****.]
Gold:   536        SH:  0    Dex: 11    Spells: 9/9 levels left

rFire   . . .      SeeInvis .   a - +0 hand axe
rCold   . . .      Faith    .   (no shield)
rNeg    . . .      Spirit   .   o - +0 chain mail
rPois   +          Reflect  .   (helmet restricted)
rElec   .          Harm     .   (no cloak)
rCorr   .          Rampage  .   p - +0 pair of gloves
Will    .....                   q - +0 pair of boots
Stlth   ..........              z - amulet of magic regeneration
HPRegen 0.22/turn               r - +6 ring of strength
MPRegen 0.51/turn               s - ring of poison resistance

@: on berserk cooldown, slowed, studying Throwing, very slow
A: horns 2, retaliatory headbutt
a: Renounce Religion, Berserk, Trog's Hand, Brothers in Arms


You were on level 10 of the Dungeon.
You worshipped Trog.
Trog was extremely pleased with you.
You visited 1 branch of the dungeon, and saw 9 of its levels.

You collected 536 gold pieces.

Inventory:

Hand Weapons
 a - a +0 hand axe (weapon)
Armour
 o - a +0 chain mail (worn)
 p - a +0 pair of gloves (worn)
 q - a +0 pair of boots (worn)
Jewellery
 r - a +6 ring of strength (left hand)
 s - a ring of poison resistance (right hand)
 z - an amulet of magic regeneration (around neck)
 A - a ring of fire
Wands
 D - a wand of paralysis (8)
 H - a wand of roots (3)
Scrolls
 b - a scroll of magic mapping {unknown}
 d - a scroll of fear {unknown}
 e - 2 scrolls of teleportation {unknown}
 g - 2 scrolls of enchant weapon {unknown}
 h - 6 scrolls of identify {unknown}
 l - a scroll of amnesia {unknown}
 m - a scroll of vulnerability {unknown}
 u - 3 scrolls of silence {unknown}
 v - 3 scrolls of poison {unknown}
 w - 2 scrolls of blinking {unknown}
 y - 2 scrolls of noise {unknown}
 B - a scroll of acquirement {unknown}
 C - 2 scrolls of fog {unknown}
Potions
 c - 2 potions of degeneration {unknown}
 f - 5 potions of lignification {unknown}
 i - 4 potions of heal wounds {unknown}
 j - 3 potions of curing
 k - 3 potions of flight {unknown}
 n - 2 potions of brilliance {unknown}
 t - 3 potions of might
 x - a potion of haste {unknown}
 E - a potion of invisibility {unknown}
 F - a potion of magic {unknown}
 G - a potion of berserk rage {unknown}


   Skills:
 - Level 3.6 Fighting
 + Level 18.4 Axes
 - Level 2.4 Armour
 - Level 2.1 Dodging


You had 9 spell levels left.
You didn't know any spells.
Your spell library was empty.

Dungeon Overview and Level Annotations

Branches:
Dungeon (8/15)             Temple (0/1) D:6
   Lair: D:8-11

Altars:
Fedhas
Hepliaklqana
Qazlal
Uskayaw
Xom

Shops:
D:5 [

Annotations:
D:7 2 transporters, Jakhammer1's ghost, novice GrFi


Innate Abilities, Weirdness & Mutations

You have a pair of horns on your head.
You reflexively headbutt those who attack you in melee.


Message History

The bolt of magma hits you!!
You hit the molten gargoyle but do no damage.
Your punch misses the molten gargoyle.
The molten gargoyle is severely damaged.
You slash the molten gargoyle!
You destroy the molten gargoyle!
Trog accepts your kill.
You see here a +0 mace.
You feel a strong urge to attack something.
You feel your anger nearly subside.
You are no longer berserk.
You are exhausted.
You feel yourself slow down.
You start resting.
A molten gargoyle comes into view. It is wielding a +0 morningstar.
A molten gargoyle is nearby!
A molten gargoyle is nearby!
You barely miss the molten gargoyle.
You headbutt the molten gargoyle, but do no damage.
The molten gargoyle hits you with a +0 morningstar.
You are engulfed in flames!
You hit the molten gargoyle but do no damage.
Your punch misses the molten gargoyle. The molten gargoyle closely misses you.
You furiously retaliate!
You headbutt the molten gargoyle.
You hit the molten gargoyle but do no damage.
The molten gargoyle is lightly damaged.
The molten gargoyle hits you with a +0 morningstar!!
You are engulfed in flames!
* * * LOW HITPOINT WARNING * * *
You're still recovering from your berserk rage.
You hit the molten gargoyle but do no damage.
You headbutt the molten gargoyle, but do no damage.
The molten gargoyle is lightly damaged.
The molten gargoyle hits you with a +0 morningstar!
* * * LOW HITPOINT WARNING * * *
You are engulfed in flames!
* * * LOW HITPOINT WARNING * * *
Okay, then.
You feel better.
The molten gargoyle hits you with a +0 morningstar!
You die...

.... #...# ### #...######
## #........###.≈ 8 ..
#...........# ≈≈§ ##
#........###..§§≈§§ ..
+...#.#### #.[...≈ ##
##..#.# ###.#.#.#. .#
####..#.####..#.#.#?# .#
#.##......@9......... .#
#.###....####........
.######.# #.......'.$......
###...#.###...)####......!.
###...#........# #........
......'........####........
###...#.###..÷....#########
#...#.....#÷###.#
#...#####)#.# #.#


You could see a molten gargoyle.

Vanquished Creatures
  An ugly thing (D:8)
  A molten gargoyle (D:10)
  A gargoyle (D:6)
  A tengu conjurer (D:8)
  2 wyverns
  6 yaks
  A wraith (D:10)
  Menkaure (D:5)
  A steam dragon (D:8)
  A vampire mosquito (D:6)
  2 water moccasins
  An ice beast (D:6)
  2 orc warriors
  A black bear (D:5)
  4 ogres
  2 centaurs
  3 kobold brigands
  6 necrophages
  A bullfrog (D:7)
  3 scorpions
  3 killer bees (D:8)
  2 hounds
  2 orc priests
  5 iguanas
  7 orc wizards
  Robin (D:2)
  8 gnolls
  8 adders
  2 river rats (D:3)
  An ufetubus (D:6)
  4 worms
  6 dart slugs
  33 orcs
  5 ball pythons
  5 endoplasms
  4 giant cockroaches
  19 goblins
  9 hobgoblins
  2 jackals (D:3)
  4 quokkas
  3 bats
  4 frilled lizards
  21 kobolds
  7 rats
206 creatures vanquished.

Vanquished Creatures (others)
  An orc wizard (D:10)
  4 fungi (D:6)
5 creatures vanquished.

Grand Total: 211 creatures vanquished

Notes
Turn   | Place    | Note
-------+----------+-------------------------------------------
     0 | D:1      | Kel the Minotaur Berserker began the quest for the Orb.
     0 | D:1      | Reached XP level 1. HP: 19/19 MP: 0/0
   155 | D:1      | Reached skill level 4 in Axes
   266 | D:1      | Reached XP level 2. HP: 17/26 MP: 1/1
  1161 | D:1      | Reached skill level 5 in Axes
  1190 | D:1      | Reached XP level 3. HP: 14/31 MP: 2/2
  1890 | D:2      | Found a stormy altar of Qazlal.
  1918 | D:2      | Noticed Robin
  1932 | D:3      | Reached ** piety under Trog
  2121 | D:2      | Reached skill level 6 in Axes
  2121 | D:2      | Reached XP level 4. HP: 23/39 MP: 3/3
  2124 | D:2      | Killed Robin
  3051 | D:3      | Reached *** piety under Trog
  3095 | D:3      | Reached skill level 7 in Axes
  3095 | D:3      | Reached XP level 5. HP: 31/45 MP: 4/4
  3261 | D:3      | Found a faded altar of an unknown god.
  3794 | D:3      | Reached skill level 8 in Axes
  4108 | D:4      | Found a hazy altar of Hepliaklqana.
  4173 | D:4      | Reached XP level 6. HP: 51/51 MP: 5/5
  4464 | D:4      | Found a shimmering altar of Xom.
  4501 | D:4      | Found a hide-covered altar of Uskayaw.
  4552 | D:4      | Reached skill level 9 in Axes
  4743 | D:5      | Entered Level 5 of the Dungeon
  4764 | D:5      | Reached XP level 7. HP: 10/57 MP: 6/6
  5059 | D:5      | Reached skill level 10 in Axes
  5076 | D:5      | Reached **** piety under Trog
  5444 | D:5      | Noticed Menkaure
  5455 | D:5      | Killed Menkaure
  5458 | D:5      | Reached skill level 11 in Axes
  6252 | D:5      | Reached XP level 8. HP: 64/64 MP: 7/7
  6309 | D:5      | Found Rywiud's Armour Shop.
  6515 | D:6      | Reached skill level 12 in Axes
  6679 | D:6      | Found a staircase to the Ecumenical Temple.
  6904 | D:6      | Reached skill level 13 in Axes
  7101 | D:6      | Noticed a gargoyle
  7127 | D:6      | Killed a gargoyle
  7128 | D:6      | Reached skill level 14 in Axes
  7128 | D:6      | Reached XP level 9. HP: 19/70 MP: 8/8
  7741 | D:6      | Found a blossoming altar of Fedhas.
  7976 | D:7      | Reached skill level 15 in Axes
  8730 | D:7      | Identified the +1 leather armour of Wu Jian's Regard
                  | {rElec}
  8997 | D:7      | Found a transporter.
  9007 | D:7      | Found a transporter.
  9011 | D:7      | Noticed Jakhammer1's ghost (novice GrFi)
  9013 | D:7      | Noticed a moth of wrath
  9499 | D:8      | Noticed a green ugly thing
  9503 | D:8      | Noticed a tengu conjurer
  9505 | D:8      | Reached skill level 16 in Axes
  9513 | D:8      | Killed a green ugly thing
  9525 | D:8      | Killed a tengu conjurer
  9526 | D:8      | Reached skill level 17 in Axes
  9526 | D:8      | Reached XP level 10. HP: 46/77 MP: 9/9
  9574 | D:8      | Reached ***** piety under Trog
 10049 | D:8      | You fall into a shaft and drop 2 floors!
 10049 | D:10     | Entered Level 10 of the Dungeon
 10493 | D:10     | Reached skill level 18 in Axes
 10790 | D:10     | Noticed a molten gargoyle
 10809 | D:10     | Killed a molten gargoyle
 10827 | D:10     | Noticed a molten gargoyle
 10834 | D:10     | HP: 1/77 [molten gargoyle/+0 morningstar (7)]
 10835 | D:10     | Slain by a molten gargoyle

Illustrated notes

Levels and vault maps discovered:
D:1:      heliophobic_arrival_dark_side_of_the_moon, layout_loops_corners,
          roderic_lattice_a, kennysheep_decorative_pillar,
          wander_ebering_terrifying_dragon_lair
D:2:      layout_basic, basic_altar, uniq_robin
D:3:      layout_basic, hellmonk_ecumenical_altar_pennies_from_heaven,
          gup_sewer_entry_spiral, hangedman_decor_clover_reticule
D:4:      layout_gridville, marbit_many_paths, mainiacjoe_overflow_tiny_flanked,
          worldfamousw_hep_ancestral_shrine, lemuel_flame_loot_1
D:5:      layout_basic, serial_shops, nicolae_shop_stone, grunt_ministairs_5,
          uniq_menkaure
D:6:      kennysheep_big_flooded_room, layout_basic, fedhas_altar_3,
          minmay_temple_entry_mini_moons
D:7:      layout_basic, gammafunk_ghost_berserking_beasts, hex_intersection
D:8:      layout_loops_corners, nemelex_diamond_rough_becter,
          minmay_manual_monstrance
D:10:     layout_basic, nicolae_overflow_two_pavilions,
          nicolae_gozag_seed_capital, minivault_8

Skill      XL: |  1  2  3  4  5  6  7  8  9 10 |
---------------+-------------------------------+-----
Axes           | 4 5 6 7 8 9 11 14 17 18 | 18.4
Fighting       | |  3.6
Armour         | |  2.4
Dodging        | |  2.1

Action                   |  1- 3 |  4- 6 |  7- 9 | 10-12 || total
-------------------------+-------+-------+-------+-------++-------
Melee: Hand axe          |    80 |   178 |   307 |   102 ||   667
       Headbutt          |    13 |    21 |    46 |    13 ||    93
       Punch             |     1 |     2 |     4 |     2 ||     9
Invok: Berserk           |       |       |     4 |     2 ||     6
  Use: Potion            |       |       |     1 |     1 ||     2
Armor: Animal skin       |     4 |       |       |       ||     4
       Ring mail         |    21 |     2 |       |       ||    23
       Chain mail        |       |    81 |   126 |    29 ||   236
Dodge: Dodged            |    53 |    81 |   113 |    19 ||   266
